Map: Primeval Wilds

Players

Matt

  • Race: Protoss Protoss
  • Spawn Location: 3:00

jimmy

  • Race: Zerg Zerg
  • Spawn Location: 12:00

CaptAmerica

  • Race: Zerg Zerg
  • League: Diamond
  • Spawn Location: 12:00

YaBoiJohn

  • Race: Protoss Protoss
  • Spawn Location: 9:00

Metasapien

  • Race: Zerg Zerg
  • League: Platinum
  • Spawn Location: 6:00

vrrs

  • Race: Protoss Protoss
  • Spawn Location: 7:00

Dragonsaber

  • Race: Terran Terran
  • Spawn Location: 6:00

nights

  • Race: Protoss Protoss
  • Spawn Location: 5:00

VOD

Have the link to the VOD?

Description

Time

  • Played on: Sept. 17, 2017, 9:58 p.m.
  • Length: 15:05
Show
View Real Time Build Order
Export as new Build Order

Matt Protoss 

Build Orders: Nexus First 

Get SALT Encoding   

  12  0:01  Probe (Chrono Boost)  
  13  0:11  Probe (Chrono Boost)  
  14  0:22  Probe (Chrono Boost)  
  15  0:49  Nexus  
  15  0:59  Pylon  
  15  1:07  Assimilator  
  15  1:14  Pylon  
  15  1:17  Assimilator  
  15  1:30  Forge  
  15  1:45  Probe (Chrono Boost), Gateway  
  16  2:00  Probe (Chrono Boost)  
  17  2:10  Probe (Chrono Boost)  
  17  2:13  Photon Cannon  
  18  2:17  Probe (Chrono Boost)  
  18  2:21  Probe (Chrono Boost)  
  20  2:27  Probe (Chrono Boost)  
  21  2:33  Photon Cannon  
  21  2:36  Probe (Chrono Boost)  
  22  2:38  Probe (Chrono Boost)  
  23  2:47  Probe (Chrono Boost)  
  23  2:48  Probe (Chrono Boost)  
  25  2:57  Probe (Chrono Boost)  
  26  2:59  Probe (Chrono Boost)  
  26  3:02  Cybernetics Core  
  27  3:09  Probe (Chrono Boost)  
  28  3:17  Probe (Chrono Boost)  
  29  3:20  Probe (Chrono Boost)  
  29  3:27  Pylon  
  30  3:28  Probe (Chrono Boost)  
  30  3:29  Pylon  
  30  3:30  Probe (Chrono Boost)  
  32  3:37  Assimilator  
  32  3:38  Probe (Chrono Boost)  
  32  3:41  Probe (Chrono Boost), Assimilator  
  34  3:49  Probe (Chrono Boost)  
  35  4:13  Stargate  
  35  4:16  Pylon  
  35  4:17  Stargate  
  35  4:21  Probe (Chrono Boost)  
  35  4:23  Probe (Chrono Boost)  
  37  4:30  Photon Cannon  
  37  4:32  Probe (Chrono Boost)  
  37  4:33  Probe (Chrono Boost)  
  39  4:44  Pylon  
  39  4:57  Void Ray (Chrono Boost), Photon Cannon  
  43  5:01  Void Ray (Chrono Boost), Pylon  
  43  5:03  Pylon  
  47  5:30  Fleet Beacon  
  47  5:35  Void Ray (Chrono Boost)  
  51  5:39  Void Ray (Chrono Boost)  
  55  7:10  Carrier x2 (Chrono Boost)  
  63  7:17  Pylon, Stargate  
  63  7:21  Pylon, Stargate  
  63  7:41  Nexus  
  63  7:44  Pylon  
  63  7:45  Pylon  
  63  7:49  Pylon  
  63  7:53  Assimilator  
  63  7:58  Assimilator  
  63  8:00  Pylon  
  63  8:04  Pylon  
  63  8:12  Photon Cannon  
  63  8:15  Photon Cannon  
  69  8:24  Carrier x2 (Chrono Boost)  
  87  8:27  Carrier (Chrono Boost)  
  87  8:29  Photon Cannon  
  87  8:31  Carrier (Chrono Boost)  
  87  8:35  Probe  
  87  8:38  Probe  
  89  8:48  Probe  
  90  8:50  Probe  
  91  9:00  Probe  
  86  9:03  Probe  
  86  9:08  Probe  
  82  9:13  Graviton Catapult  
  82  9:14  Protoss Air Weapons Level 1  
  82  9:16  Protoss Shields Level 1  
  82  9:20  Probe  
  83  9:28  Pylon  
  83  9:30  Photon Cannon  
  83  9:32  Probe  
  83  9:34  Photon Cannon  
  84  9:41  Carrier (Chrono Boost)  
  84  9:44  Probe  
  91  9:51  Carrier (Chrono Boost)  
  97  9:56  Probe  
  98  10:16  Pylon  
  98  10:18  Pylon  
  98  10:34  Pylon  
  98  10:37  Carrier (Chrono Boost), Pylon  
  110  10:48  Carrier (Chrono Boost)  
  110  10:56  Photon Cannon  
  110  10:58  Photon Cannon  
  110  11:00  Photon Cannon  
  110  11:02  Carrier (Chrono Boost)  
  116  11:09  Protoss Air Armor Level 1  
  116  11:24  Probe  
  117  11:27  Mothership Core  
  119  11:36  Probe  
  119  11:37  Carrier (Chrono Boost)  
  126  11:43  Pylon x2  
  126  11:52  Carrier (Chrono Boost)  
  146  12:38  Carrier (Chrono Boost)  
  146  12:48  Carrier (Chrono Boost)  
  144  12:57  Nexus  
  138  13:07  Pylon  
  138  13:08  Pylon  
  138  13:10  Pylon  
  138  13:13  Assimilator  
  138  13:20  Pylon  
  138  13:26  Photon Cannon  
  138  13:30  Photon Cannon  
  138  13:33  Photon Cannon  
  138  13:36  Pylon  
  138  13:40  Pylon  
  138  13:44  Assimilator  
  138  13:47  Assimilator  
  138  13:49  Pylon  
Show
View Real Time Build Order
Export as new Build Order

jimmy Zerg 

Build Orders: Pool First 

Get SALT Encoding   

  12  0:08  Drone x2  
  14  0:28  Spawning Pool  
  13  0:38  Drone  
  13  0:39  Overlord  
  14  0:59  Drone x2  
  16  1:17  Zergling x4  
  18  1:20  Queen  
  18  1:23  Overlord  
  20  1:45  Zergling x4  
  22  1:50  Extractor  
  21  2:22  Zergling x4  
  23  2:23  Zergling x2  
  24  2:47  Zergling x4  
  24  2:48  Zergling x4  
  28  3:00  Metabolic Boost  
  28  3:19  Drone x2  
  30  3:20  Overlord x2  
  30  3:21  Overlord  
  30  3:25  Extractor  
  29  3:33  Lair  
  18  4:20  Drone x3  
  18  4:21  Drone  
  22  4:40  Spire  
  21  4:48  Hatchery  
  20  5:11  Drone x3  
  23  5:40  Drone x2  
  25  5:53  Mutalisk x3  
  31  6:04  Hatchery  
  31  6:10  Mutalisk x2  
  34  6:17  Drone, Queen  
  34  6:18  Drone  
  38  6:23  Drone x3  
  41  6:34  Drone x2  
  41  6:39  Extractor x2  
  37  7:55  Infestation Pit  
  37  7:57  Drone x2  
  37  7:58  Drone  
  39  8:01  Drone x3  
  42  8:19  Drone  
  43  8:20  Drone  
  43  8:25  Drone x3  
  43  8:26  Queen  
  49  8:39  Mutalisk x8  
  60  9:18  Drone x3  
  60  9:20  Queen  
  65  9:26  Hive  
  65  9:31  Overlord x2  
  65  9:32  Overlord x5  
  65  9:34  Overlord x5  
  65  9:52  Drone x2  
  67  9:53  Drone  
  67  9:55  Extractor  
  67  9:56  Extractor  
  66  10:04  Spine Crawler  
  66  10:05  Drone  
  66  10:12  Spine Crawler  
  65  10:14  Spine Crawler  
  64  10:25  Spore Crawler  
  63  10:31  Spore Crawler  
  63  10:32  Drone x2  
  64  10:38  Drone  
  57  13:15  Greater Spire  
  57  13:22  Spire  
  56  13:37  Drone  
  56  13:38  Drone x7  
  64  14:41  Hatchery  
Show
View Real Time Build Order
Export as new Build Order

CaptAmerica Zerg 

Build Orders: Pool First, Muta Ling Bane, Zergling Baneling 

Get SALT Encoding   

  12  0:08  Drone  
  13  0:22  Spawning Pool  
  12  0:30  Drone  
  12  0:31  Drone  
  14  0:37  Extractor  
  14  0:41  Overlord  
  13  0:46  Drone  
  14  1:09  Queen  
  14  1:10  Zergling x2  
  14  1:11  Zergling x2  
  18  1:14  Zergling x2  
  19  1:28  Overlord  
  19  1:40  Metabolic Boost  
  19  1:41  Zergling x2  
  20  1:52  Zergling x2  
  21  2:04  Zergling x2  
  22  2:09  Zergling x2  
  23  2:17  Baneling Nest  
  23  2:19  Drone x3  
  25  2:33  Zergling x4  
  27  2:58  Zergling x4  
  27  2:59  Zergling x2  
  27  3:01  Overlord  
  30  3:31  Baneling x10  
  30  3:35  Hatchery  
  29  3:47  Zergling x4  
  29  3:48  Zergling x2  
  24  4:15  Drone x3  
  27  4:26  Drone, Extractor  
  27  4:27  Drone x2  
  29  4:46  Drone x2  
  29  4:48  Lair  
  31  4:55  Drone, Queen  
  34  5:09  Drone x2  
  34  5:11  Overlord  
  36  5:32  Drone x2  
  38  5:41  Drone  
  39  5:49  Spire  
  38  5:51  Drone x6  
  38  5:55  Drone  
  38  5:56  Drone x2  
  47  6:14  Extractor  
  47  6:15  Drone x3  
  47  6:16  Extractor  
  48  6:32  Drone x3  
  51  6:43  Drone  
  52  6:53  Overlord x2  
  51  6:55  Drone  
  51  6:56  Overlord  
  46  7:04  Mutalisk x3  
  52  7:19  Zerg Flyer Weapons Level 1  
  52  7:20  Mutalisk x3  
  52  7:22  Overlord  
  58  7:37  Mutalisk x3  
  58  7:38  Mutalisk  
  58  7:40  Overlord, Hatchery  
  58  7:42  Overlord, Drone  
  66  8:12  Mutalisk x3  
  70  8:14  Zergling x12  
  70  8:16  Centrifical Hooks  
  78  8:20  Zergling x6  
  81  8:42  Baneling x12  
  81  8:54  Baneling  
  81  9:12  Mutalisk  
  81  9:13  Mutalisk x2  
  81  9:14  Overlord x2  
  81  9:17  Drone x3, Queen  
  89  9:23  Zergling x2  
  93  9:24  Zergling x2  
  93  9:25  Zergling x10  
  93  9:28  Baneling x4  
  99  9:33  Mutalisk  
  99  9:35  Drone  
  99  9:37  Extractor  
  99  9:38  Extractor  
  100  9:49  Baneling x2  
  100  9:50  Baneling x6  
  100  9:51  Overlord  
  100  10:02  Overseer  
  98  10:45  Mutalisk x4  
  98  10:46  Overlord, Mutalisk  
  98  10:47  Overlord  
  100  11:04  Mutalisk  
  100  11:05  Mutalisk  
  100  11:08  Zergling x6  
  100  11:09  Zergling x8  
  111  11:12  Drone x3  
  114  11:23  Zerg Flyer Weapons Level 2  
  114  11:28  Drone  
  110  11:48  Drone x3  
  110  11:49  Drone, Queen  
  110  11:53  Mutalisk x5  
  85  12:32  Mutalisk x3  
  85  12:33  Mutalisk x2  
  94  12:37  Drone x3  
  97  12:51  Mutalisk x2  
  97  12:52  Mutalisk  
  103  13:11  Overlord x2  
  103  13:39  Corruptor x3  
  109  13:46  Zergling x2  
  109  13:47  Zergling x10  
  109  14:02  Drone x3  
  85  14:21  Corruptor x4  
  85  14:22  Corruptor  
  95  14:39  Hatchery  
Show
View Real Time Build Order
Export as new Build Order

YaBoiJohn Protoss 

Build Orders:  

Get SALT Encoding   

  12  0:12  Pylon  
  12  0:32  Gateway  
  12  0:38  Assimilator  
  13  0:42  Probe (Chrono Boost)  
  13  0:53  Probe (Chrono Boost)  
  14  1:04  Probe (Chrono Boost)  
  15  1:40  Cybernetics Core  
  15  1:54  Gateway  
  15  2:21  Gateway  
  15  2:22  Gateway  
  15  2:36  Warp Gate (Chrono Boost)  
  15  3:25  Pylon  
  15  4:07  Forge  
  15  4:46  Twilight Council  
  15  4:52  Pylon  
  15  4:57  Pylon  
  15  5:02  Protoss Ground Weapons Level 1 (Chrono Boost)  
  15  5:55  Dark Shrine  
  15  6:41  Protoss Shields Level 1 (Chrono Boost)  
  15  6:56  Pylon  
  15  7:10  Dark Templar x3  
  15  8:29  Nexus  
  14  9:00  Stargate  
  14  9:04  Gateway  
  14  9:46  Void Ray  
  18  9:53  Probe  
  18  9:54  Assimilator  
  18  9:55  Probe  
  20  10:05  Probe  
  20  10:06  Probe  
  22  10:17  Probe  
  22  10:18  Probe  
  24  10:27  Probe  
  24  10:28  Void Ray  
  29  10:38  Probe, Dark Templar  
  32  11:06  Stargate  
  32  11:26  Void Ray  
  36  11:51  Assimilator  
  36  11:59  Assimilator  
  36  12:07  Void Ray  
  40  12:13  Void Ray  
  44  12:17  Probe  
  45  12:27  Probe  
  46  12:38  Probe  
  47  12:48  Probe  
  48  12:55  Void Ray  
  52  12:59  Probe  
  53  13:08  Void Ray  
  57  13:49  Void Ray  
Show
View Real Time Build Order
Export as new Build Order

Metasapien Zerg 

Build Orders: Pool First 

Get SALT Encoding   

  12  0:02  Drone  
  13  0:24  Spawning Pool  
  13  0:25  Drone  
  13  0:33  Drone  
  13  0:35  Extractor  
  13  0:36  Drone  
  14  0:45  Overlord  
  14  1:05  Drone x2  
  16  1:25  Hatchery  
  15  1:28  Drone  
  16  1:34  Drone  
  16  1:36  Drone  
  18  1:45  Metabolic Boost  
  18  1:50  Drone  
  18  1:53  Drone  
  20  2:13  Zergling x2  
  21  2:22  Overlord  
  21  2:29  Drone  
  22  2:30  Hatchery  
  21  2:38  Queen  
  21  2:43  Drone  
  24  2:48  Drone  
  24  2:49  Drone  
  26  2:58  Queen  
  28  3:09  Drone  
  29  3:18  Drone x2  
  29  3:19  Drone  
  32  3:20  Overlord  
  32  3:27  Drone  
  33  3:29  Extractor  
  33  3:31  Drone  
  33  3:32  Roach Warren  
  32  3:39  Drone x2  
  34  3:41  Drone  
  34  3:44  Overlord, Extractor  
  34  3:51  Queen  
  34  3:53  Drone  
  37  4:03  Lair  
  37  4:05  Zergling x2  
  37  4:06  Zergling x4  
  37  4:08  Zergling x2  
  41  4:10  Zergling x2  
  41  4:15  Drone  
  43  4:23  Drone x3  
  46  4:30  Drone  
  47  4:56  Drone x2  
  47  4:58  Roach x3  
  47  4:59  Roach  
  57  5:01  Overlord x3  
  55  5:08  Roach  
  55  5:12  Spine Crawler  
  56  5:14  Spine Crawler  
  56  5:19  Drone x3  
  60  5:21  Roach x2  
  60  5:26  Hydralisk Den  
  60  5:28  Drone  
  62  5:30  Drone x3, Infestation Pit  
  62  5:33  Extractor  
  63  5:36  Drone  
  63  5:40  Roach x3  
  63  5:41  Roach  
  72  5:45  Overlord x2  
  72  5:48  Glial Reconstitution  
  72  5:57  Drone  
  72  6:05  Ravager  
  72  6:06  Queen, Ravager x2  
  77  6:15  Spore Crawler  
  74  6:19  Ravager  
  74  6:23  Ravager  
  76  6:31  Spore Crawler  
  76  6:33  Spore Crawler, Hydralisk x6  
  76  6:34  Hydralisk x5  
  91  6:42  Queen, Ravager  
  91  6:45  Drone  
  95  6:47  Roach  
  95  6:51  Overlord x3  
  87  7:16  Hydralisk x5  
  92  7:24  Spore Crawler  
  92  7:25  Hydralisk  
  92  7:26  Spore Crawler  
  89  7:34  Spore Crawler  
  87  7:47  Drone  
  88  7:54  Hatchery  
  83  8:04  Overlord  
  83  8:05  Overlord x4  
  79  8:14  Muscular Augments  
  79  8:15  Evolution Chamber  
  79  8:17  Drone x2  
  79  8:18  Drone, Evolution Chamber  
  80  8:22  Queen, Pneumatized Carapace  
  82  8:29  Hatchery  
  60  9:05  Hydralisk  
  60  9:06  Hydralisk x9  
  59  9:16  Spore Crawler  
  58  9:19  Spore Crawler  
  58  9:20  Spore Crawler  
  58  9:21  Drone  
  58  9:22  Drone x2  
  60  9:46  Hatchery  
  59  9:59  Zerg Missile Weapons Level 1  
  59  10:00  Zerg Ground Armor Level 1  
  59  10:02  Hydralisk  
  59  10:03  Hydralisk x4  
  59  10:05  Hydralisk x3  
  59  10:06  Drone  
  76  10:14  Queen  
  76  10:18  Hatchery  
  76  10:20  Overseer  
  77  10:21  Overseer  
  77  10:37  Overlord, Nydus Network  
  77  10:38  Overlord x2  
  77  10:40  Zergling x10  
  77  10:41  Zergling x6  
  84  11:18  Nydus Canal  
  84  11:25  Drone x3  
  87  11:29  Hydralisk  
  86  11:41  Nydus Canal  
  86  11:43  Drone  
  80  11:59  Drone  
  75  12:18  Zerg Missile Weapons Level 2  
  75  12:19  Zerg Ground Armor Level 2  
  75  12:20  Hydralisk x4  
  69  12:23  Hydralisk  
  69  12:26  Hatchery  
  48  12:43  Hydralisk x5  
  52  12:51  Drone x2  
  58  13:00  Hydralisk x3  
  58  13:03  Zergling x2  
  58  13:04  Zergling x8  
  69  13:15  Hydralisk  
  69  13:16  Hydralisk x2  
  75  13:29  Queen  
  60  14:07  Hatchery  
  43  14:11  Hydralisk x3  
  43  14:12  Hydralisk x8  
  59  14:34  Hydralisk x4  
Show
View Real Time Build Order
Export as new Build Order

vrrs Protoss 

Build Orders:  

Get SALT Encoding   

  12  0:23  Pylon  
  12  0:26  Probe (Chrono Boost)  
  13  0:36  Probe (Chrono Boost)  
  14  0:47  Probe (Chrono Boost)  
  15  0:57  Probe (Chrono Boost)  
  15  1:01  Gateway  
  15  1:04  Gateway  
  16  1:08  Probe (Chrono Boost)  
  17  1:12  Pylon  
  17  1:21  Assimilator  
  17  1:24  Probe (Chrono Boost)  
  18  1:34  Probe (Chrono Boost)  
  18  1:36  Assimilator  
  19  1:45  Probe (Chrono Boost)  
  20  1:49  Cybernetics Core  
  20  1:56  Pylon  
  20  2:07  Probe (Chrono Boost)  
  21  2:17  Probe (Chrono Boost)  
  21  2:19  Pylon  
  22  2:28  Probe (Chrono Boost)  
  22  2:29  Stalker x2  
  27  2:59  Nexus  
  27  3:05  Assimilator  
  27  3:12  Assimilator  
  27  3:16  Stalker  
  29  3:26  Stalker  
  31  3:39  Twilight Council  
  31  3:46  Stalker  
  33  3:56  Stalker  
  33  4:02  Pylon  
  35  4:18  Probe x2 (Chrono Boost)  
  37  4:28  Probe (Chrono Boost)  
  37  4:29  Probe (Chrono Boost)  
  39  4:39  Probe x2 (Chrono Boost)  
  41  4:50  Probe x2 (Chrono Boost)  
  43  5:00  Probe (Chrono Boost)  
  14  11:26  Probe (Chrono Boost)  
  15  11:37  Probe (Chrono Boost)  
Show
View Real Time Build Order
Export as new Build Order

Dragonsaber Terran 

Build Orders:  

Get SALT Encoding   

  12  0:02  SCV  
  13  0:33  Supply Depot  
  13  0:58  Command Center  
  13  1:10  Supply Depot  
  13  1:37  Barracks  
  13  1:42  Refinery  
  13  1:44  SCV  
  14  1:56  SCV  
  15  2:08  SCV  
  16  2:14  Engineering Bay  
  16  2:20  SCV  
  17  2:25  Marine  
  18  2:32  SCV  
  19  2:37  Supply Depot  
  19  2:42  Marine  
  20  2:44  SCV  
  21  2:56  SCV  
  22  3:00  Marine  
  23  3:15  Planetary Fortress  
  23  3:25  Missile Turret  
  23  3:26  Barracks Reactor  
  23  3:34  Command Center  
  22  4:20  Sensor Tower  
  22  4:22  Marine x2  
  24  4:40  Orbital Command, Marine x2  
  24  4:45  Refinery  
  26  4:55  Missile Turret  
  26  4:57  Marine  
  26  4:58  Marine  
  28  5:15  Missile Turret, Marine x2  
  28  5:20  Refinery  
  28  5:21  Orbital Command  
  30  5:26  SCV  
  31  5:33  Marine x2  
  33  5:37  Hi-Sec Auto Tracking  
  33  5:38  SCV  
  34  5:44  Missile Turret  
  34  5:50  SCV  
  34  5:51  Marine x2  
  37  6:04  Missile Turret  
  37  6:21  Marine x2  
  37  6:25  Missile Turret  
  39  6:34  Building Armor  
  39  6:39  Marine x2  
  39  6:56  Marine  
  39  6:57  Marine  
  39  7:00  Factory  
  35  7:05  SCV  
  36  7:14  Marine x2  
  38  7:17  SCV  
  39  7:29  SCV  
  38  7:32  Marine x2  
  36  7:41  SCV  
  37  7:45  Factory  
  37  7:48  Factory Tech Lab  
  37  7:50  Marine x2  
  39  7:53  SCV  
  40  8:05  SCV  
  40  8:08  Marine x2  
  43  8:14  Neosteel Frame  
  43  8:18  SCV  
  44  9:08  Marine x2  
  46  9:21  Factory Tech Lab  
  46  9:22  Siege Tank  
  49  9:25  Marine  
  49  9:26  Marine  
  51  9:36  Refinery  
  51  9:42  Armory  
  51  9:43  Marine  
  51  9:44  Marine  
  53  9:54  Siege Tank  
  53  9:57  Siege Tank, Starport  
  58  10:01  Marine x2  
  54  10:25  Missile Turret x2  
  54  10:26  Missile Turret x2, Siege Tank  
  57  10:30  Siege Tank  
  57  10:32  Armory  
  57  10:34  Starport  
  42  10:53  Starport Tech Lab  
  41  10:58  Siege Tank  
  41  11:01  Thor  
  50  11:09  SCV  
  47  11:21  SCV  
  47  11:24  Missile Turret  
  47  11:25  Missile Turret  
  48  11:26  Missile Turret  
  48  11:27  Missile Turret  
  48  11:30  Thor  
  54  11:34  SCV  
  54  11:36  Missile Turret  
  54  11:37  Missile Turret  
  55  11:40  Missile Turret  
  55  11:44  Thor  
  55  11:46  SCV  
  62  11:55  Missile Turret, SCV  
  62  11:58  SCV  
  64  12:01  SCV  
  64  12:07  SCV  
  66  12:13  SCV  
  67  12:19  SCV  
  68  12:25  SCV  
  69  12:47  SCV  
  68  12:58  SCV  
  68  12:59  SCV  
  68  13:03  Thor  
  68  13:04  Thor  
  61  13:10  SCV  
  61  13:11  Marine x2  
  61  13:28  Marine x2  
  61  13:31  Starport Reactor  
  63  13:46  Thor  
  69  14:43  Marine x2  
Show
View Real Time Build Order
Export as new Build Order

nights Protoss 

Build Orders:  

Get SALT Encoding   

  12  0:02  Probe (Chrono Boost)  
  13  0:13  Probe (Chrono Boost)  
  14  0:25  Probe (Chrono Boost)  
  15  0:38  Pylon  
  15  0:45  Pylon  
  15  1:06  Gateway  
  15  1:13  Pylon  
  15  1:18  Assimilator  
  15  1:24  Forge  
  15  1:29  Probe (Chrono Boost)  
  16  1:42  Probe (Chrono Boost)  
  17  1:53  Probe (Chrono Boost)  
  18  2:00  Photon Cannon  
  18  2:03  Probe (Chrono Boost)  
  18  2:05  Photon Cannon  
  19  2:20  Assimilator  
  19  2:24  Pylon  
  19  2:32  Probe (Chrono Boost)  
  19  2:37  Photon Cannon  
  20  2:42  Probe (Chrono Boost)  
  21  2:48  Pylon  
  21  2:53  Probe (Chrono Boost), Pylon  
  22  3:15  Nexus  
  22  3:30  Pylon  
  22  3:41  Photon Cannon  
  22  3:53  Pylon  
  22  3:57  Pylon  
  22  4:01  Pylon  
  22  4:23  Photon Cannon  
  22  4:27  Photon Cannon  
  22  4:36  Protoss Shields Level 1  
  23  4:45  Probe (Chrono Boost)  
  23  4:56  Probe (Chrono Boost)  
  24  5:06  Probe (Chrono Boost)  
  25  5:19  Probe (Chrono Boost)  
  26  5:30  Probe (Chrono Boost)  
  27  5:37  Photon Cannon  
  27  5:39  Photon Cannon  
  27  5:44  Photon Cannon  
  27  5:49  Photon Cannon  
  27  5:53  Photon Cannon  
  27  6:02  Photon Cannon  
  27  6:05  Assimilator  
  27  6:12  Assimilator  
  27  6:18  Probe (Chrono Boost)  
  28  6:28  Cybernetics Core  
  28  6:32  Cybernetics Core  
  28  6:50  Photon Cannon  
  28  6:56  Photon Cannon  
  28  7:03  Photon Cannon  
  28  7:13  Stargate  
  28  7:17  Stargate  
  28  7:19  Stargate  
  28  7:23  Stargate  
  28  7:29  Pylon  
  28  7:45  Protoss Air Weapons Level 1  
  28  7:47  Protoss Air Armor Level 1  
  28  7:58  Photon Cannon  
  28  8:11  Fleet Beacon  
  28  8:17  Probe (Chrono Boost)  
  29  8:28  Probe (Chrono Boost)  
  30  8:40  Twilight Council  
  30  8:59  Graviton Catapult  
  30  9:03  Carrier x4  
  54  9:59  Protoss Air Weapons Level 2  
  54  10:02  Protoss Air Armor Level 2  
  54  10:08  Protoss Shields Level 2  
  54  10:29  Carrier x4  
  72  12:47  Carrier x2  
  72  12:48  Carrier x2  
Tags
 
Add a new tag
Caveats
  • Supply blocks, unpowered buildings, or Contaminate may cause inaccurate times.
  • Supply counts are checked every 10 seconds.